AoeStats
← IamYourStepDad

Arabia

511308564Analyzed
3v3 RM · 1mo ago on Oct 4, 2026· 58m 59s· 6 players
Game mode
Random Map
Map size
Normal (6 player)
Population
200
Speed
Normal
Resources
Standard
Victory
Conquest
Starting age
Dark Age
Ending age
Imperial Age
RankedLock teamsTeams togetherTeam positionsShared explorationLock speedFull tech treeHidden civsTurbo modeCheats
Victory
Defeat
🇵🇭 Britons · Philippines
542
+20
🇵🇭 Franks · Philippines
469
+20
🇵🇭 Slavs · Philippines
443
+22
vs
🇨🇳 Vikings · China
585
-27
🇪🇸 Mongols · Spain
562
-20
🇨🇦 Franks · Canada
545
-19
AHA
10:02 Feudal Age
9:18 Loom
12:38 Double-Bit Axe
21:26 Castle Age
22:15 Wheelbarrow
23:18 Bow Saw
23:20 Husbandry
23:35 Forging
23:30 Scale Barding Armor
26:06 Pikeman
26:48 Squires
27:29 Gold Mining
29:19 Scale Mail Armor
30:02 Gold Shaft Mining
31:28 Chain Barding Armor
31:44 Iron Casting
37:23 Imperial Age
36:08 Chain Mail Armor
37:22 Caravan
37:29 Cavalier
38:59 Plate Barding Armor
39:59 Chemistry
40:06 Paladin
49:58 Plate Mail Armor
50:28 Blast Furnace
52:50 Chivalry
Shimiya
12:10 Feudal Age
13:04 Gold Mining
13:02 Double-Bit Axe
16:13 Horse Collar
21:19 Castle Age
25:52 Gold Shaft Mining
25:45 Heavy Plow
26:54 Bow Saw
29:18 Stone Mining
38:02 Imperial Age
37:56 Scale Barding Armor
38:28 Forging
40:42 Iron Casting
40:28 Chain Barding Armor
41:56 Crop Rotation
46:01 Blast Furnace
45:42 Plate Barding Armor
COCA MAN
10:56 Feudal Age
11:31 Double-Bit Axe
11:28 Horse Collar
12:54 Wheelbarrow
25:52 Castle Age
26:26 Padded Archer Armor
29:41 Crossbowman
32:19 Hand Cart
32:25 Fletching
33:57 Caravan
34:30 Bow Saw
34:23 Heavy Plow
34:33 Pikeman
41:06 Imperial Age
55:13 Heavy Scorpion
IamYourStepDad
5:47 Loom
11:39 Feudal Age
13:00 Wheelbarrow
12:11 Town Watch
12:14 Double-Bit Axe
16:14 Gold Mining
19:21 Castle Age
17:45 Stone Mining
20:47 Bow Saw
21:15 Gold Shaft Mining
23:42 Hand Cart
25:49 Town Patrol
34:21 Imperial Age
31:56 Ordonnance Companies
32:53 Forging
32:43 Scale Mail Armor
32:48 Scale Barding Armor
32:34 Fletching
32:44 Padded Archer Armor
34:11 Iron Casting
33:42 Husbandry
33:09 Light Cavalry
34:47 Cranequins
34:52 Cavalier
35:51 Chain Mail Armor
35:56 Chain Barding Armor
36:01 Conscription
35:30 Pikeman
36:10 Squires
37:50 Halberdier
38:45 Chivalry
39:22 Hoardings
40:44 Chemistry
39:30 Arrowslits
39:35 Treadmill Crane
42:54 Paladin
ViejoKubata
1:04 Loom
14:19 Feudal Age
21:57 Castle Age
20:26 Double-Bit Axe
20:26 Horse Collar
21:22 Gold Mining
22:53 Stone Mining
23:16 Bow Saw
23:11 Heavy Plow
25:14 Wheelbarrow
26:11 Gold Shaft Mining
26:07 Town Watch
26:43 Murder Holes
27:10 Ballistics
27:52 Stone Shaft Mining
27:16 Light Cavalry
30:44 Town Patrol
31:48 Hand Cart
37:38 Imperial Age
35:26 Bloodlines
35:18 Husbandry
34:52 Elite Skirmisher
36:45 Thumb Ring
37:00 Fletching
37:44 Bodkin Arrow
37:50 Hussar
38:44 Padded Archer Armor
39:24 Conscription
39:46 Bracer
41:56 Elite Mangudai
45:24 Leather Archer Armor
45:20 Forging
45:16 Scale Barding Armor
53:04 Heavy Camel Rider
54:22 Iron Casting
54:08 Chain Barding Armor
56:32 Blast Furnace
56:49 Pikeman
1543248784
11:38 Feudal Age
14:29 Loom
32:35 Castle Age
42:33 Double-Bit Axe
Connection lost

Rejoining the realm…

Still unreachable

The connection could not be restored.

Session expired

The server has moved on; the page needs a fresh start.